Map: Abyssal Reef LE

Players

Theo - Winner!

  • Race: Protoss Protoss
  • Spawn Location: 11:00

Civi

  • Race: Zerg Zerg
  • Spawn Location: 5:00

Event: WCS Jonkoping 2017

VOD

Have the link to the VOD?

Description

Time

  • Played on: June 17, 2017, 6:33 a.m.
  • Length: 13:00

All games in this series

Show
View Real Time Build Order
Export as new Build Order

Theo Protoss - Winner!

Build Orders: 1 Gate Expand 

Get SALT Encoding   

  12  0:00  Probe (Chrono Boost)  
  13  0:11  Probe (Chrono Boost)  
  14  0:18  Pylon  
  14  0:21  Probe (Chrono Boost)  
  15  0:36  Probe (Chrono Boost)  
  16  0:47  Probe (Chrono Boost), Gateway  
  17  0:57  Probe (Chrono Boost)  
  18  1:16  Nexus  
  18  1:22  Probe (Chrono Boost)  
  19  1:33  Probe (Chrono Boost), Assimilator  
  19  1:34  Assimilator  
  20  1:42  Cybernetics Core  
  20  1:46  Probe (Chrono Boost)  
  21  1:57  Pylon  
  21  1:58  Probe (Chrono Boost)  
  22  2:05  Warp Gate (Chrono Boost)  
  22  2:08  Probe (Chrono Boost)  
  23  2:19  Probe (Chrono Boost), Stalker (Chrono Boost)  
  26  2:28  Probe  
  27  2:31  Probe  
  27  2:35  Pylon  
  28  2:40  Probe (Chrono Boost)  
  30  2:44  Probe (Chrono Boost)  
  30  2:51  Probe (Chrono Boost)  
  30  2:53  Twilight Council  
  30  2:57  Probe (Chrono Boost)  
  34  2:58  Adept  
  34  3:02  Probe (Chrono Boost)  
  35  3:09  Probe (Chrono Boost)  
  37  3:13  Probe (Chrono Boost)  
  38  3:21  Probe (Chrono Boost)  
  38  3:22  Gateway  
  38  3:31  Adept  
  38  3:33  Probe (Chrono Boost)  
  42  3:34  Mothership Core (Chrono Boost)  
  42  3:39  Gateway  
  33  3:58  Probe (Chrono Boost)  
  33  3:59  Probe (Chrono Boost)  
  33  4:00  Pylon  
  37  4:09  Probe  
  36  4:10  Probe  
  36  4:11  Resonating Glaives (Chrono Boost), Adept  
  39  4:21  Probe  
  39  4:22  Pylon  
  40  4:25  Adept  
  40  4:30  Probe  
  43  4:32  Adept  
  43  4:33  Adept  
  43  4:34  Pylon  
  47  4:49  Adept  
  36  4:55  Probe x2 (Chrono Boost)  
  32  5:04  Probe (Chrono Boost)  
  32  5:05  Probe (Chrono Boost)  
  34  5:08  Adept x2  
  34  5:09  Adept  
  40  5:16  Probe  
  40  5:19  Probe  
  42  5:26  Probe  
  43  5:33  Gateway x2  
  43  5:36  Probe (Chrono Boost)  
  44  5:44  Probe (Chrono Boost)  
  44  5:48  Probe (Chrono Boost)  
  44  5:49  Adept  
  48  5:55  Probe (Chrono Boost)  
  49  5:59  Probe (Chrono Boost)  
  50  6:05  Probe (Chrono Boost)  
  50  6:08  Adept x2  
  50  6:09  Probe (Chrono Boost)  
  50  6:20  Probe x2 (Chrono Boost), Adept  
  50  6:23  Gateway  
  48  6:30  Probe (Chrono Boost)  
  47  6:34  Adept x3  
  51  6:40  Adept  
  53  6:47  Adept  
  53  6:54  Sentry  
  57  6:55  Sentry x2  
  61  7:01  Sentry  
  64  7:08  Probe, Gateway  
  64  7:10  Sentry, Gateway  
  66  7:16  Probe  
  66  7:19  Assimilator  
  66  7:20  Probe  
  67  7:24  Adept x2  
  67  7:28  Pylon  
  67  7:32  Probe  
  64  7:44  Adept x5  
  56  7:51  Probe x2  
  56  7:59  Adept  
  56  8:03  Probe x2  
  60  8:08  Adept  
  60  8:09  Adept x2  
  64  8:17  Adept x2  
  66  8:22  Probe x2  
  67  8:34  Probe  
  67  8:36  Probe  
  62  8:50  Nexus  
  62  8:51  Probe  
  62  8:52  Pylon  
  59  9:00  Probe  
  56  9:03  Probe  
  55  9:12  Probe  
  55  9:15  Forge, Probe  
  53  9:18  Robotics Facility  
  53  9:23  Assimilator  
  53  9:25  Sentry x4  
  61  9:42  Stalker x2  
  61  9:43  Stalker  
  65  9:52  Stalker x2  
  68  9:56  Zealot x3  
  74  10:06  Immortal (Chrono Boost)  
  76  10:09  Stalker x3  
  80  10:27  Nexus  
  80  10:32  Pylon  
  80  10:41  Protoss Ground Weapons Level 1 (Chrono Boost)  
  80  10:42  Pylon  
  80  10:43  Pylon  
  80  10:45  Warp Prism  
  80  10:47  Pylon  
  78  10:52  Stalker x3  
  86  11:13  Adept x5  
  86  11:16  Probe x2  
  98  11:25  Adept  
  100  11:26  Adept  
  102  11:43  Probe x2  
  102  11:46  Templar Archives, Assimilator  
  104  11:50  Assimilator  
  104  11:53  Probe  
  104  11:55  Probe x2  
  104  11:57  Immortal  
  107  12:04  Probe  
  107  12:07  Probe  
  113  12:13  Pylon  
  113  12:14  Probe  
  113  12:15  Probe  
  114  12:19  Probe  
  116  12:26  Probe, Adept x4  
  125  12:32  Pylon  
  125  12:33  Probe  
  118  12:46  Adept  
  118  12:47  Adept  
Show
View Real Time Build Order
Export as new Build Order

Civi Zerg 

Build Orders: Pool First 

Get SALT Encoding   

  12  0:00  Drone  
  13  0:12  Overlord  
  13  0:17  Drone  
  14  0:31  Drone x2  
  16  0:37  Drone  
  17  0:52  Drone  
  18  1:01  Spawning Pool, Drone  
  18  1:04  Extractor  
  18  1:07  Drone  
  18  1:18  Drone  
  19  1:23  Hatchery  
  18  1:28  Drone  
  19  1:39  Overlord  
  19  1:48  Queen  
  19  1:51  Zergling x2  
  23  2:01  Drone  
  23  2:13  Metabolic Boost  
  23  2:15  Drone  
  24  2:22  Overlord  
  24  2:33  Zergling x2  
  24  2:35  Queen, Zergling x2  
  28  2:40  Evolution Chamber  
  28  2:43  Zergling x2  
  28  2:51  Zergling x2  
  29  2:57  Zergling x4  
  31  2:59  Zergling x6  
  34  3:06  Zergling x2  
  35  3:15  Zergling x2  
  36  3:22  Zergling x4  
  37  3:37  Zergling x4  
  38  3:43  Zergling x6  
  38  3:44  Zergling x2  
  38  3:46  Zergling x4  
  43  3:49  Zergling x2  
  41  3:58  Zergling x4  
  41  4:00  Queen  
  43  4:09  Hatchery, Drone  
  43  4:12  Drone  
  43  4:17  Drone  
  43  4:18  Overlord  
  43  4:28  Drone  
  44  4:32  Spore Crawler  
  44  4:35  Drone  
  41  4:42  Drone x2  
  41  4:45  Drone x3  
  43  4:46  Drone  
  43  4:47  Drone  
  43  4:50  Zerg Melee Weapons Level 1  
  43  4:51  Drone  
  41  4:57  Spore Crawler  
  36  5:01  Drone  
  36  5:02  Drone  
  36  5:06  Extractor  
  37  5:10  Zergling x8  
  41  5:14  Baneling Nest  
  41  5:18  Zergling x4  
  41  5:20  Zergling x2  
  43  5:22  Drone  
  43  5:27  Drone  
  45  5:31  Drone  
  45  5:32  Drone x2  
  45  5:33  Zergling x2  
  45  5:34  Drone  
  50  5:38  Drone x2  
  50  5:41  Drone  
  53  5:44  Drone x2  
  53  5:45  Drone  
  54  6:00  Zergling x8  
  54  6:03  Roach Warren  
  44  6:14  Drone x4  
  44  6:15  Drone x2  
  39  6:22  Drone  
  37  6:32  Drone x3  
  40  6:36  Drone x2  
  40  6:37  Drone  
  43  6:42  Zergling x4  
  43  6:44  Baneling x2  
  43  6:45  Baneling  
  43  6:46  Baneling  
  43  6:47  Baneling  
  45  6:48  Baneling  
  45  6:52  Zergling x4  
  47  6:58  Overlord  
  47  6:59  Zergling x4  
  49  7:01  Zergling x2  
  49  7:05  Zergling x4  
  49  7:06  Zergling x2  
  49  7:07  Baneling  
  53  7:08  Baneling  
  53  7:12  Roach  
  53  7:14  Roach  
  57  7:16  Roach  
  57  7:21  Roach  
  57  7:22  Overlord  
  59  7:31  Roach  
  51  7:41  Zergling x10  
  51  7:42  Zergling x10  
  55  7:53  Drone x5  
  55  7:56  Drone  
  61  8:01  Drone  
  61  8:03  Lair  
  63  8:05  Drone  
  63  8:08  Drone  
  63  8:09  Drone  
  59  8:15  Roach  
  60  8:20  Roach x2  
  60  8:21  Drone x2  
  60  8:24  Drone x3  
  67  8:31  Drone x2  
  62  8:36  Drone x3  
  62  8:37  Drone  
  62  8:43  Drone x2  
  60  8:53  Drone x3  
  62  9:00  Roach x2  
  62  9:01  Zergling x2, Roach  
  68  9:06  Zergling x4, Roach  
  62  9:16  Zergling x4, Roach  
  63  9:23  Roach  
  61  9:28  Roach  
  60  9:34  Drone x3  
  60  9:35  Drone  
  61  9:39  Ravager x2  
  58  9:49  Zergling x4, Roach x3  
  62  9:58  Drone x2  
  62  9:59  Drone  
  59  10:08  Drone  
  59  10:13  Drone  
  59  10:14  Drone  
  60  10:18  Drone  
  59  10:22  Drone x2  
  59  10:26  Drone x3  
  60  10:31  Drone x4  
  60  10:32  Zergling x2  
  65  10:38  Queen x2, Zergling x2  
  65  10:41  Zergling x2  
  69  10:47  Drone x3  
  69  10:48  Drone x2  
  74  10:53  Zerg Missile Weapons Level 1  
  74  10:55  Overlord  
  74  10:58  Overlord  
  74  10:59  Extractor  
  74  11:00  Extractor  
  72  11:04  Overlord  
  72  11:10  Roach  
  74  11:13  Overlord x2  
  74  11:20  Baneling x4  
  74  11:21  Overlord x2  
  74  11:26  Drone x3  
  74  11:27  Drone x2  
  74  11:28  Drone  
  74  11:29  Drone  
  74  11:30  Drone  
  82  11:41  Drone x2, Overlord  
  82  11:42  Drone x4  
  82  11:44  Extractor  
  82  11:46  Overseer  
  87  11:47  Extractor  
  87  11:52  Hydralisk Den  
  85  11:57  Drone, Overlord  
  85  11:58  Drone  
  85  11:59  Drone  
  85  12:00  Drone  
  85  12:01  Drone  
  90  12:03  Drone  
  91  12:12  Roach x4  
  91  12:13  Roach  
  101  12:18  Roach  
  103  12:23  Baneling x3  
  103  12:24  Baneling x2  
  103  12:25  Overlord  
  103  12:29  Hydralisk x3  
  103  12:36  Hydralisk  
Tags
 
Add a new tag
Caveats
  • Supply blocks, unpowered buildings, or Contaminate may cause inaccurate times.
  • Supply counts are checked every 10 seconds.